[Event "ICC tourney 2556 (25 5)"]
[Site "Internet Chess Club"]
[Date "2021.05.09"]
[Round "8"]
[White "LANG, CONNOR:K05-15878215"]
[Black "CHAN OSBORN, ISAAC:K05-17282877"]
[Result "1-0"]
[ICCResult "Black resigns"]
[WhiteElo "1275"]
[BlackElo "955"]
[Opening "QGD: Marshall defense"]
[ECO "D06"]
[NIC "QP.08"]
[Time "17:30:03"]
[PlyCount "97"]
[TimeControl "1500+5"]

1. d4 d5 2. c4 Nf6 3. cxd5 Qxd5 4. Nc3 Qd8 5. e4 Nc6 6. d5 Ne5 7. f4 Bg4 8.
Be2 Bxe2 9. Qxe2 Ng6 10. e5 Nxd5 11. f5 Nxc3 12. bxc3 Nh4 13. Qg4 e6 14.
Bg5 f6 15. Bxh4 exf5 16. Qxf5 Be7 17. Nf3 g6 18. Qf4 g5 19. Qa4+ c6 20. Bf2
Qd3 21. Qd4 Qxd4 22. Bxd4 fxe5 23. Bxe5 O-O-O 24. Bxh8 Rxh8 25. O-O Bc5+
26. Kh1 g4 27. Ne5 h5 28. g3 Re8 29. Nd3 Bb6 30. Nf4 Rh8 31. Rfe1 Kd7 32.
Rad1+ Kc7 33. Re5 h4 34. Ng6 Rh7 35. Re7+ Rxe7 36. Nxe7 hxg3 37. hxg3 Bf2
38. Kg2 Bc5 39. Nf5 b5 40. Kf1 Kb6 41. Ke2 a5 42. Kd2 b4 43. cxb4 axb4 44.
Kc2 Kb5 45. Kb3 Bf2 46. Rd2 Ba7 47. Nd4+ Bxd4 48. Rxd4 c5 49. Rxg4 { Black
resigns } 1-0

[Event "ICC tourney 2556 (25 5)"]
[Site "Internet Chess Club"]
[Date "2021.05.09"]
[Round "8"]
[White "DUNIKOV, GLIB:K05-16572317"]
[Black "JIANG, ANDREW:K05-16091063"]
[Result "1/2-1/2"]
[ICCResult "Game drawn by mutual agreement"]
[WhiteElo "1502"]
[BlackElo "2021"]
[Opening "KGD: Falkbeer, Morphy gambit"]
[ECO "C32"]
[NIC "KG.04"]
[Time "17:30:11"]
[PlyCount "68"]
[TimeControl "1500+5"]

1. e4 e5 2. f4 d5 3. exd5 e4 4. d3 Nf6 5. Nc3 Bb4 6. Bd2 e3 7. Bxe3 Nxd5 8.
Bd2 O-O 9. Be2 Bxc3 10. bxc3 Qf6 11. d4 Nxf4 12. Bxf4 Qxf4 13. Nf3 Re8 14.
Qd2 Qxd2+ 15. Kxd2 Bf5 16. Rab1 b6 17. Rhe1 Nd7 18. Bb5 Red8 19. Re7 Kf8
20. Rbe1 Be6 21. R7xe6 fxe6 22. Rxe6 h6 23. Nh4 Nf6 24. Bc4 Nd5 25. Re5 c6
26. Ng6+ Kf7 27. Nf4 Rac8 28. Nxd5 cxd5 29. Bxd5+ Kf6 30. g4 Rd6 31. h4 g5
32. Rf5+ Kg6 33. Be4 Kg7 34. hxg5 Rh8 { Game drawn by mutual agreement }
1/2-1/2

[Event "ICC tourney 2556 (25 5)"]
[Site "Internet Chess Club"]
[Date "2021.05.09"]
[Round "8"]
[White "VARADA JAKKAMREDDY, ARJUN:K05-17229191"]
[Black "GUDI, KEERTHANA:K05-16551243"]
[Result "1-0"]
[ICCResult "Black checkmated"]
[WhiteElo "415"]
[BlackElo "843"]
[Opening "Ruy Lopez: Berlin defense, Beverwijk variation"]
[ECO "C64"]
[NIC "RL.01"]
[Time "17:31:19"]
[PlyCount "67"]
[TimeControl "1500+5"]

1. e4 e5 2. Nf3 Nc6 3. Bb5 Bc5 4. O-O Nf6 5. Nc3 O-O 6. Bxc6 dxc6 7. d3 Re8
8. Bg5 h6 9. Bxf6 Qxf6 10. Qe2 Qg6 11. g3 Bh3 12. Rfe1 h5 13. Nh4 Qf6 14.
Na4 Bg4 15. Qd2 Bd4 16. c3 Bb6 17. Nxb6 cxb6 18. d4 exd4 19. cxd4 Red8 20.
e5 Qe7 21. f3 Be6 22. f4 c5 23. Re4 f5 24. Ree1 Rxd4 25. Qe2 Bc4 26. Qxh5
Bf7 27. Qxf5 Rd2 28. Qb1 Rad8 29. Nf3 R2d3 30. Ng5 Bg6 31. Qc1 Bh5 32. Qc2
Rd2 33. Qh7+ Kf8 34. Qh8# { Black checkmated } 1-0

[Event "ICC tourney 2556 (25 5)"]
[Site "Internet Chess Club"]
[Date "2021.05.09"]
[Round "8"]
[White "JAVERI, ARHAN:K05-16378223"]
[Black "DAMBAL, SASHA:K05-30022386"]
[Result "0-1"]
[ICCResult "White checkmated"]
[WhiteElo "1495"]
[BlackElo "821"]
[Opening "Queen's pawn, Mason variation"]
[ECO "D00"]
[NIC "QP.08"]
[Time "17:30:52"]
[PlyCount "68"]
[TimeControl "1500+5"]

1. d4 d5 2. Bf4 Nc6 3. Nf3 Nf6 4. e3 Bf5 5. Nbd2 e6 6. Bb5 Bd6 7. Bg3 O-O
8. O-O a6 9. Bxc6 bxc6 10. c3 Bg4 11. Re1 Ne4 12. h3 Bh5 13. Kh2 Nxf2 14.
Qe2 Ne4 15. Bxd6 Qxd6+ 16. Kg1 h6 17. Rf1 a5 18. Qd3 Bg6 19. Qe2 Ng3 20.
Qf2 Nxf1 21. Nxf1 Rab8 22. Ng3 f6 23. Rf1 Bd3 24. Rd1 Bg6 25. Nh4 Bf7 26.
Rf1 c5 27. Nf3 c4 28. Nh1 Rb7 29. Qh4 Rxb2 30. Ng3 Kh7 31. Nh5 Bxh5 32.
Qxh5 Qg3 33. Nh4 g6 34. Nxg6 Qxg2# { White checkmated } 0-1

[Event "ICC tourney 2556 (25 5)"]
[Site "Internet Chess Club"]
[Date "2021.05.09"]
[Round "8"]
[White "SATHISH, PRANAV:K05-16464655"]
[Black "MOORHOUSE, WILL:K05-30059498"]
[Result "1-0"]
[ICCResult "Black resigns"]
[WhiteElo "1768"]
[BlackElo "1352"]
[Opening "English opening"]
[ECO "A16"]
[NIC "EO.64"]
[Time "17:30:59"]
[PlyCount "93"]
[TimeControl "1500+5"]

1. c4 Nf6 2. Nc3 g6 3. g3 Bg7 4. Bg2 O-O 5. e4 d6 6. Nge2 c5 7. O-O Nc6 8.
d3 Ne8 9. Be3 Nd4 10. Qd2 Qa5 11. Rab1 Bg4 12. f3 Bd7 13. Rfd1 Nc7 14. Bxd4
cxd4 15. Nd5 Qxd2 16. Nxe7+ Kh8 17. Rxd2 Rae8 18. Nd5 Nxd5 19. cxd5 Bh6 20.
f4 Bg7 21. b3 Rc8 22. Kf2 Bb5 23. a4 Bd7 24. Bf3 b5 25. axb5 Bxb5 26. Ke1
Rc3 27. Nxc3 dxc3 28. Rc2 Bxd3 29. Kd1 Rb8 30. g4 Rb4 31. Ra1 Rxb3 32. Rxa7
Rb1+ 33. Rc1 c2+ 34. Kd2 Bb2 35. Rxc2 Bxc2 36. Kxc2 Rf1 37. Kxb2 Rxf3 38.
e5 Rd3 39. Rxf7 dxe5 40. fxe5 Kg8 41. Rd7 Rd2+ 42. Kc3 Rxh2 43. e6 Kf8 44.
d6 Re2 45. e7+ Ke8 46. Rd8+ Kf7 47. Rf8+ { Black resigns } 1-0

[Event "ICC tourney 2556 (25 5)"]
[Site "Internet Chess Club"]
[Date "2021.05.09"]
[Round "8"]
[White "SELVAM, SWAGATHA:K05-16203181"]
[Black "RAJARAM, ROHAN:K05-15739716"]
[Result "0-1"]
[ICCResult "White checkmated"]
[WhiteElo "1289"]
[BlackElo "1905"]
[Opening "QGD: Semi-Tarrasch defense"]
[ECO "D40"]
[NIC "TD.05"]
[Time "17:30:04"]
[PlyCount "140"]
[TimeControl "1500+5"]

1. d4 Nf6 2. c4 e6 3. Nc3 d5 4. Nf3 c5 5. dxc5 Bxc5 6. Bg5 d4 7. Bxf6 Qxf6
8. Ne4 Bb4+ 9. Nfd2 Qd8 10. a3 Be7 11. Nf3 Nc6 12. g3 O-O 13. Bg2 e5 14.
O-O Bf5 15. Nfd2 Rc8 16. f4 exf4 17. Rxf4 Bg6 18. Bh3 f5 19. Nf2 Bg5 20.
Rf3 Ne5 21. Rb3 b6 22. Rc1 Be3 23. Qe1 Ng4 24. Bxg4 fxg4 25. Ne4 Bxe4 26.
Rxe3 dxe3 27. Nxe4 Qe7 28. Nc3 Rxc4 29. Nd5 Qc5 30. Rxc4 Qxc4 31. Nxe3 Qd4
32. Qc1 Rd8 33. Qc4+ Qxc4 34. Nxc4 Rd4 35. b3 Rd1+ 36. Kf2 Rh1 37. Kg2 Rb1
38. b4 Rc1 39. Ne5 Rc3 40. e4 Rxa3 41. Nxg4 Rb3 42. e5 Rxb4 43. Kf3 Rxg4
44. Kxg4 a5 45. Kf5 a4 46. Ke6 a3 47. Kd7 a2 48. e6 a1=Q 49. e7 Qa7+ 50.
Ke6 Qxe7+ 51. Kxe7 b5 52. Kd6 b4 53. h4 b3 54. g4 b2 55. g5 b1=Q 56. h5 Qf5
57. g6 hxg6 58. hxg6 Qxg6+ 59. Ke5 Qf7 60. Ke4 g5 61. Kd4 g4 62. Ke3 g3 63.
Kd4 g2 64. Kc5 g1=Q+ 65. Kc6 Qgg6+ 66. Kc5 Qff5+ 67. Kc4 Qgg4+ 68. Kc3
Qff3+ 69. Kc2 Qgg2+ 70. Kc1 Qff1# { White checkmated } 0-1

[Event "ICC tourney 2556 (25 5)"]
[Site "Internet Chess Club"]
[Date "2021.05.09"]
[Round "8"]
[White "RAMAN, ARJUN:K05-16786670"]
[Black "LUNA, LIAM:K05-16268715"]
[Result "1-0"]
[ICCResult "Black checkmated"]
[WhiteElo "1310"]
[BlackElo "989"]
[Opening "Sicilian: dragon, classical, 8.O-O"]
[ECO "B73"]
[NIC "SI.33"]
[Time "17:30:33"]
[PlyCount "131"]
[TimeControl "1500+5"]

1. e4 c5 2. Nf3 Nc6 3. d4 cxd4 4. Nxd4 g6 5. Be3 Bg7 6. Nc3 Nf6 7. Be2 d6
8. O-O Bd7 9. Qd2 O-O 10. f3 Rc8 11. Rad1 a6 12. a3 Qb6 13. Ne6 Qxb2 14.
Nxg7 Kxg7 15. Bh6+ Kg8 16. Bxf8 Rxf8 17. Rb1 Qxa3 18. Rxb7 Qc5+ 19. Kh1 Nd4
20. Bxa6 Bc8 21. Na4 Qe5 22. Rb6 Bxa6 23. Rxa6 Qb5 24. Qd3 Qxd3 25. cxd3
Ne2 26. Re1 Rb8 27. g3 Nd4 28. Kg2 Rb3 29. Rd1 Ra3 30. Ra8+ Kg7 31. Nb6 Rb3
32. Nc4 Nc2 33. Kf2 Rc3 34. Ke2 Nd4+ 35. Ke3 Nb5 36. Ra5 Rb3 37. Rd2 d5 38.
Rb2 Rxb2 39. Nxb2 Nc3 40. Rc5 Na2 41. exd5 Nb4 42. Kd4 Na6 43. Ra5 Nb8 44.
Nc4 Nbd7 45. Ne5 Nxe5 46. Kxe5 Kf8 47. d6 exd6+ 48. Kxf6 Ke8 49. Ra8+ Kd7
50. Kxf7 Kc6 51. Rh8 Kd5 52. Rxh7 Kd4 53. Kxg6 Kxd3 54. f4 Ke4 55. f5 Ke5
56. f6 Ke6 57. f7 Ke7 58. Kg7 d5 59. f8=Q+ Ke6 60. Rh6+ Ke5 61. Qf6+ Ke4
62. Rh4+ Ke3 63. Qd4+ Kf3 64. Rf4+ Kg2 65. Qf2+ Kh3 66. Rh4# { Black
checkmated } 1-0

[Event "ICC tourney 2556 (25 5)"]
[Site "Internet Chess Club"]
[Date "2021.05.09"]
[Round "8"]
[White "YUEDUO XU, ANDY:K05-16732301"]
[Black "ZHAO, BRYAN:K05-16690808"]
[Result "1-0"]
[ICCResult "Black resigns"]
[WhiteElo "1438"]
[BlackElo "744"]
[Opening "English: Bremen, reverse dragon"]
[ECO "A22"]
[NIC "EO.10"]
[Time "17:30:43"]
[PlyCount "77"]
[TimeControl "1500+5"]

1. c4 e5 2. Nc3 Nf6 3. g3 d5 4. cxd5 Nxd5 5. Bg2 Be6 6. Nf3 Nc6 7. O-O Bc5
8. d3 O-O 9. Ne4 Bb6 10. a3 h6 11. b4 a6 12. Bb2 f6 13. Rc1 Bf7 14. Nc5
Bxc5 15. Rxc5 Qd6 16. Qd2 b6 17. Rc2 Rac8 18. Rfc1 Nce7 19. e4 Nxb4 20.
Qxb4 Qd7 21. Qd2 Rfd8 22. Rc3 c5 23. Qe2 Qb5 24. Nd2 Nc6 25. Nc4 Nd4 26.
Qd2 Nb3 27. Rxb3 Qxb3 28. Rc3 Qxc4 29. Rxc4 Bxc4 30. Bf1 Rc7 31. Qc2 Bb5
32. a4 Bc6 33. a5 b5 34. Qxc5 Rb8 35. Qd6 Rbc8 36. Bh3 Bd7 37. Bxd7 Rc1+
38. Bxc1 Rxc1+ 39. Kg2 { Black resigns } 1-0

[Event "ICC tourney 2556 (25 5)"]
[Site "Internet Chess Club"]
[Date "2021.05.09"]
[Round "8"]
[White "THIMMASAMUDRAM, SANDEEP:K05-16278356"]
[Black "JAMES KONG, MILO:K05-16203724"]
[Result "0-1"]
[ICCResult "White checkmated"]
[WhiteElo "1199"]
[BlackElo "1570"]
[Opening "French defense"]
[ECO "C01"]
[NIC "FR.01"]
[Time "17:30:50"]
[PlyCount "116"]
[TimeControl "1500+5"]

1. e4 e6 2. d4 b6 3. Nc3 Bb7 4. Nf3 Bb4 5. Bc4 Bxe4 6. O-O Bb7 7. Bg5 Be7
8. Be3 d5 9. Bd3 Nf6 10. Ne5 c5 11. dxc5 bxc5 12. Bb5+ Nbd7 13. Bc6 Ba6 14.
Bxa8 Bxf1 15. Nxd7 Nxd7 16. Qxf1 Qxa8 17. Nb5 O-O 18. Bd2 Nf6 19. Nc3 Bd6
20. Ne2 Qb8 21. Ng3 Qxb2 22. Rb1 Qxc2 23. Bg5 Bxg3 24. fxg3 Ne4 25. Rc1
Qxa2 26. Be7 Rb8 27. Bxc5 Nxc5 28. Rxc5 h6 29. Rc1 Qb2 30. h3 Qf6 31. Qd3
Qb2 32. Qf1 Qe5 33. Kh2 Rb3 34. Qf2 Qe3 35. Qf1 Qxg3+ 36. Kh1 Re3 37. Qg1
d4 38. Rc8+ Kh7 39. Qb1+ d3 40. Rc1 Re2 41. Rg1 g6 42. Qf1 Kg7 43. Qa1+ e5
44. Qf1 Rc2 45. Qd1 a5 46. Qa1 d2 47. Qxa5 d1=Q 48. Qxe5+ Qxe5 49. Rxd1 Qe2
50. Rg1 Rd2 51. Kh2 Rd1 52. Rxd1 Qxd1 53. h4 h5 54. Kg3 Kf6 55. Kf4 Qe1 56.
g3 Qe2 57. g4 hxg4 58. h5 Qf3# { White checkmated } 0-1

[Event "ICC tourney 2556 (25 5)"]
[Site "Internet Chess Club"]
[Date "2021.05.09"]
[Round "8"]
[White "ARORA, KABEER:K05-15760440"]
[Black "CHIRAG SHETTY, TANISH:K05-15984457"]
[Result "0-1"]
[ICCResult "White checkmated"]
[WhiteElo "1040"]
[BlackElo "1355"]
[Opening "Queen's pawn: London system"]
[ECO "A45"]
[NIC "QP.07"]
[Time "17:31:40"]
[PlyCount "138"]
[TimeControl "1500+5"]

1. d4 Nf6 2. Bf4 g6 3. Nc3 Bg7 4. e4 d6 5. Qd2 O-O 6. O-O-O Nbd7 7. f3 c5
8. Nge2 cxd4 9. Nxd4 e5 10. Ndb5 exf4 11. Nxd6 Nb6 12. Ndb5 Qxd2+ 13. Rxd2
Ne8 14. Be2 a6 15. Na3 f5 16. Nc4 Nxc4 17. Bxc4+ Kh8 18. Rd8 Nc7 19. Rd2
Bxc3 20. bxc3 fxe4 21. fxe4 Be6 22. Bd3 Bxa2 23. Rf1 Be6 24. Re2 Rac8 25.
e5 Nb5 26. Re4 Nxc3 27. Rexf4 Rxf4 28. Rxf4 Bf5 29. Kd2 Bxd3 30. Kxd3 Nb5
31. Re4 Re8 32. c4 Na7 33. e6 Nc8 34. c5 Ne7 35. Kc4 h5 36. Kb4 Nf5 37. Ka5
Re7 38. Kb6 Ng7 39. c6 bxc6 40. Kxc6 Rxe6+ 41. Rxe6 Nxe6 42. Kb6 g5 43.
Kxa6 Nf4 44. g3 h4 45. Kb5 hxg3 46. hxg3 Nh5 47. g4 Nf6 48. Kc4 Nxg4 49.
Kd3 Kg7 50. Ke2 Kg6 51. Kf3 Kf5 52. Kg3 Ne5 53. Kg2 Kg4 54. Kf2 Kh3 55. Kg1
Kg3 56. Kh1 Kf2 57. Kh2 g4 58. Kh1 Nc4 59. Kh2 g3+ 60. Kh3 g2 61. Kg4 g1=Q+
62. Kf5 Qg3 63. Ke4 Qe3+ 64. Kf5 Qe5+ 65. Kg4 Qf6 66. Kh5 Qg7 67. Kh4 Ne5
68. Kh5 Qg6+ 69. Kh4 Qg4# { White checkmated } 0-1

[Event "ICC tourney 2556 (25 5)"]
[Site "Internet Chess Club"]
[Date "2021.05.09"]
[Round "8"]
[White "RAJEEV, AMEYA:K05-16305755"]
[Black "ROBERT WICKS, COLIN:K05-16090713"]
[Result "1-0"]
[ICCResult "Black checkmated"]
[WhiteElo "1393"]
[BlackElo "1624"]
[Opening "Scotch gambit"]
[ECO "C44"]
[NIC "SO.06"]
[Time "17:30:28"]
[PlyCount "145"]
[TimeControl "1500+5"]

1. e4 e5 2. Nf3 Nc6 3. d4 exd4 4. Bc4 Bc5 5. c3 Nf6 6. e5 Ng4 7. cxd4 Bb4+
8. Nc3 Qe7 9. O-O Bxc3 10. bxc3 b6 11. h3 Nh6 12. Bg5 Qf8 13. d5 Na5 14.
Bb5 Qc5 15. Ba4 b5 16. Bc2 Bb7 17. Be4 Nc4 18. Re1 Ng8 19. d6 Bxe4 20. Rxe4
c6 21. e6 fxe6 22. Rxe6+ Kf7 23. Re4 Nf6 24. Re7+ Kf8 25. Bxf6 gxf6 26.
Rxd7 Rg8 27. Qe2 Re8 28. Qd3 Qh5 29. Rxh7 Qg6 30. Qxg6 Rxg6 31. Rd1 f5 32.
d7 Rd8 33. Rh8+ Ke7 34. Re1+ Kxd7 35. Rd1+ Rd6 36. Ne5+ Kc7 37. Rxd8 Rxd8
38. Rxd8 Kxd8 39. Nxc6+ Kd7 40. Nd4 Nd6 41. h4 a6 42. Kh2 Ne4 43. Nxf5 Nxc3
44. a3 Nb1 45. h5 Nxa3 46. h6 b4 47. Nd4 a5 48. h7 a4 49. h8=Q b3 50. Ne2
Nb5 51. Qh7+ Kc6 52. Qg6+ Kc5 53. Qf5+ Kb4 54. Qf8+ Kc4 55. Qf4+ Nd4 56.
Qxd4+ Kb5 57. Nc3+ Kc6 58. Qxa4+ Kd6 59. Qxb3 Ke5 60. Qd5+ Kf6 61. Ne4+ Kg7
62. Qg5+ Kf7 63. Qf6+ Kg8 64. Qe6+ Kg7 65. f4 Kh8 66. f5 Kg7 67. f6+ Kh8
68. Qe8+ Kh7 69. Ng5+ Kh6 70. f7 Kxg5 71. f8=Q Kg4 72. Qg6+ Kh4 73. Qfh6# {
Black checkmated } 1-0

[Event "ICC tourney 2556 (25 5)"]
[Site "Internet Chess Club"]
[Date "2021.05.09"]
[Round "8"]
[White "CALLENS, JAEL:K05-17208461"]
[Black "MA, JIN:K05-16813308"]
[Result "0-1"]
[ICCResult "White checkmated"]
[WhiteElo "1207"]
[BlackElo "899"]
[Opening "Scotch: Schmidt variation"]
[ECO "C45"]
[NIC "SO.04"]
[Time "17:31:18"]
[PlyCount "132"]
[TimeControl "1500+5"]

1. e4 e5 2. Nf3 Nc6 3. d4 exd4 4. Nxd4 Nf6 5. Nc3 Bb4 6. Nxc6 bxc6 7. Bd3
d5 8. O-O O-O 9. e5 Bxc3 10. bxc3 Ng4 11. Bf4 Qe7 12. h3 Nxe5 13. Bxe5 Qxe5
14. Re1 Qxc3 15. Qh5 h6 16. Rad1 Be6 17. Re3 Qf6 18. Rf3 Qg5 19. Qxg5 hxg5
20. Rg3 f6 21. Re1 Rfe8 22. Rge3 Kf7 23. g4 d4 24. Re4 Bxa2 25. f3 c5 26.
Bb5 Rxe4 27. Rxe4 Bd5 28. Re1 c6 29. Bd3 Bxf3 30. Bf5 Re8 31. Ra1 Re7 32.
Ra5 Be4 33. Rxc5 Bxf5 34. gxf5 Re5 35. Rxc6 a5 36. Rc7+ Ke8 37. Rxg7 Rxf5
38. Ra7 Rc5 39. Kf2 Rxc2+ 40. Ke1 Rc5 41. Kd2 f5 42. Kd3 f4 43. Kxd4 Rb5
44. Ke4 Kd8 45. Kf3 Kc8 46. Re7 a4 47. Re1 a3 48. Ra1 Rb3+ 49. Kg2 Kc7 50.
Rc1+ Kb6 51. Ra1 Kb5 52. Kf2 Rb2+ 53. Kf3 a2 54. Kg4 Kb4 55. Kf3 Kb3 56.
Kg4 Rb1 57. Rxa2 Kxa2 58. Kf3 Rb3+ 59. Kg2 Rg3+ 60. Kf2 Rxh3 61. Kg2 Re3
62. Kf2 g4 63. Kg2 f3+ 64. Kf2 Re2+ 65. Kf1 g3 66. Kg1 Re1# { White
checkmated } 0-1

[Event "ICC tourney 2556 (25 5)"]
[Site "Internet Chess Club"]
[Date "2021.05.09"]
[Round "8"]
[White "KHOROSHEVSKI, LEAH:K05-17055150"]
[Black "JOSHI, OM:K05-30018177"]
[Result "0-1"]
[ICCResult "White checkmated"]
[WhiteElo "1031"]
[BlackElo "540"]
[Opening "Sicilian defense"]
[ECO "B20"]
[NIC "SI.48"]
[Time "17:30:23"]
[PlyCount "118"]
[TimeControl "1500+5"]

1. e4 c5 2. Bc4 e6 3. Nc3 a6 4. a3 b5 5. Ba2 Nc6 6. Nf3 d6 7. d3 h6 8. O-O
Nf6 9. Bf4 Be7 10. Re1 O-O 11. h3 Bb7 12. Nd2 e5 13. Be3 Qc7 14. Qf3 h5 15.
Qg3 g6 16. Qxg6+ Kh8 17. Bxf7 Bd8 18. Bh6 Qxf7 19. Qf5 Rg8 20. Nd5 Nd4 21.
Qg5 Rxg5 22. Bxg5 Nxd5 23. Bxd8 Nxc2 24. Bh4 Nxe1 25. Rxe1 Nf6 26. Re3 Qe6
27. Rf3 Nd7 28. Rf5 Qe8 29. Nf3 Qg6 30. Ng5 Rf8 31. Rxf8+ Nxf8 32. Nf3 Bc8
33. Kh2 Nh7 34. Kh1 a5 35. Kh2 b4 36. a4 Bd7 37. b3 Bxa4 38. bxa4 b3 39.
Nd2 b2 40. Nb1 Qh6 41. Be7 Qc1 42. Na3 b1=Q 43. Nxb1 Qxb1 44. Bxd6 Qxd3 45.
Bxe5+ Kg8 46. f3 c4 47. Kg3 c3 48. Bxc3 Qxc3 49. Kh4 Qb4 50. Kxh5 Qxa4 51.
g4 Qd4 52. g5 Qg7 53. f4 a4 54. h4 a3 55. e5 a2 56. e6 a1=Q 57. e7 Qxe7 58.
f5 Qd1+ 59. Kh6 Qg7# { White checkmated } 0-1

[Event "ICC tourney 2556 (25 5)"]
[Site "Internet Chess Club"]
[Date "2021.05.09"]
[Round "8"]
[White "A FONSECA, ZURIEL:K05-17280892"]
[Black "CHAN MAK, OLIVER:K05-16502861"]
[Result "1-0"]
[ICCResult "Black checkmated"]
[WhiteElo "208"]
[BlackElo "569"]
[Opening "Réti opening"]
[ECO "A06"]
[NIC "QP.09"]
[Time "17:46:39"]
[PlyCount "37"]
[TimeControl "1500+5"]

1. Nf3 d5 2. Nc3 Nc6 3. d4 Bf5 4. Bh6 gxh6 5. e3 e6 6. Bb5 Qd7 7. Ne5 Qd6
8. Qh5 Bg6 9. Qf3 Bf5 10. g4 Be4 11. Nxe4 dxe4 12. Qxe4 a6 13. Ba4 b5 14.
Bb3 Nxe5 15. Qxa8+ Ke7 16. dxe5 Qb4+ 17. c3 Qxg4 18. Rd1 Bg7 19. Qd8# {
Black checkmated } 1-0

[Event "ICC tourney 2556 (25 5)"]
[Site "Internet Chess Club"]
[Date "2021.05.09"]
[Round "8"]
[White "ZIANG FENG, STEVEN:K05-16388220"]
[Black "GUI, SUYUAN:K05-16962930"]
[Result "0-1"]
[ICCResult "White resigns"]
[WhiteElo "1428"]
[BlackElo "989"]
[Opening "Caro-Kann: classical variation"]
[ECO "B18"]
[NIC "CK.10"]
[Time "17:30:16"]
[PlyCount "62"]
[TimeControl "1500+5"]

1. e4 c6 2. d4 d5 3. Nc3 dxe4 4. Nxe4 Bf5 5. Ng3 Bg6 6. Nf3 Nd7 7. Bd3 Bxd3
8. Qxd3 Ngf6 9. c4 e6 10. O-O Bd6 11. Bg5 O-O 12. Ne4 Be7 13. Nxf6+ Nxf6
14. Bxf6 Bxf6 15. Rfe1 Qc7 16. Ne5 Rad8 17. Qe4 c5 18. dxc5 Qxc5 19. Nd3
Qb6 20. Qe3 Qa6 21. Nc5 Qc6 22. Rad1 b6 23. Ne4 Bxb2 24. Rb1 Be5 25. Rb5
Qc7 26. Qh3 h6 27. g3 a6 28. Rb4 f5 29. f4 Bd4+ 30. Nf2 Bxf2+ 31. Kxf2 Qc5+
{ White resigns } 0-1

[Event "ICC tourney 2556 (25 5)"]
[Site "Internet Chess Club"]
[Date "2021.05.09"]
[Round "8"]
[White "MORITANI, SHO:K05-16760848"]
[Black "YOGESH MEHTA, ADITYA:K05-17108546"]
[Result "1-0"]
[ICCResult "Black checkmated"]
[WhiteElo "1456"]
[BlackElo "797"]
[Opening "Four knights: Scotch, 4...exd4"]
[ECO "C47"]
[NIC "KP.06"]
[Time "17:30:30"]
[PlyCount "69"]
[TimeControl "1500+5"]

1. e4 e5 2. Nf3 Nc6 3. Nc3 Nf6 4. d4 exd4 5. Nxd4 Nxd4 6. Qxd4 Be7 7. e5
Ng8 8. Bc4 c6 9. Be3 Bg5 10. f4 Be7 11. Ne4 Nh6 12. Qd2 a5 13. Be2 b5 14.
O-O Nf5 15. Bf2 O-O 16. Rad1 f6 17. g4 Nh6 18. exf6 Bxf6 19. g5 Bxg5 20.
fxg5 Nf5 21. Bc5 d6 22. Nxd6 Nxd6 23. Rxf8+ Qxf8 24. Qxd6 Qf5 25. Qd8+ Kf7
26. Rf1 Qxf1+ 27. Bxf1 Kg6 28. Bd3+ Kh5 29. Qe8+ Kxg5 30. Be3+ Kf6 31. Bxh7
Bb7 32. Qg6+ Ke7 33. Bc5+ Kd8 34. Qd6+ Kc8 35. Bf5# { Black checkmated }
1-0

[Event "ICC tourney 2556 (25 5)"]
[Site "Internet Chess Club"]
[Date "2021.05.09"]
[Round "8"]
[White "RUTHERFORD, ELI:K05-16195682"]
[Black "FEUERSTEIN, JACOB:K05-16195750"]
[Result "1-0"]
[ICCResult "Black checkmated"]
[WhiteElo "785"]
[BlackElo "1099"]
[Opening "Scandinavian (center counter) defense"]
[ECO "B01"]
[NIC "SD.02"]
[Time "17:31:05"]
[PlyCount "67"]
[TimeControl "1500+5"]

1. e4 d5 2. exd5 Qxd5 3. Nc3 Qd8 4. Nf3 Nf6 5. Bc4 a6 6. d3 b5 7. Bb3 c5 8.
Ng5 e6 9. O-O Bd6 10. Bd2 O-O 11. Qf3 Ra7 12. Nce4 Be7 13. Qh3 h6 14. Nxf6+
Bxf6 15. Nf3 Bxb2 16. Rae1 Bf6 17. Bxh6 gxh6 18. Qxh6 Bg7 19. Qh3 Nd7 20.
Qg3 Qf6 21. Re4 e5 22. Rg4 Nb8 23. h4 Bxg4 24. Qxg4 Qg6 25. Ng5 Kh8 26. h5
Qh6 27. f4 f6 28. Ne6 Re8 29. Nxc5 Rc7 30. Ne6 Rce7 31. f5 a5 32. Rf3 Rg8
33. Nc5 Bf8 34. Qxg8# { Black checkmated } 1-0

[Event "ICC tourney 2556 (25 5)"]
[Site "Internet Chess Club"]
[Date "2021.05.09"]
[Round "8"]
[White "ZHANG, KYLIE:K05-16733661"]
[Black "BENJAMIN STIEGLITZ, RHYS:K05-16850181"]
[Result "0-1"]
[ICCResult "White checkmated"]
[WhiteElo "1453"]
[BlackElo "1014"]
[Opening "Two knights defense"]
[ECO "C56"]
[NIC "KP.02"]
[Time "17:31:05"]
[PlyCount "116"]
[TimeControl "1500+5"]

1. e4 e5 2. Nf3 Nc6 3. Bc4 Nf6 4. d4 exd4 5. O-O Nxe4 6. Re1 d5 7. Bxd5
Qxd5 8. Nc3 Qd7 9. Rxe4+ Be7 10. Nxd4 Nxd4 11. Rxd4 Qe6 12. Bf4 O-O 13.
Bxc7 Bf6 14. Rd3 b6 15. Qf3 Bd7 16. Bg3 Bc6 17. Qf4 Rad8 18. Re3 Qc8 19.
Ne4 Bxb2 20. Rb1 Bd4 21. Ree1 Bxe4 22. Qxe4 Rfe8 23. Qh4 Qxc2 24. Rxe8+
Rxe8 25. Rf1 Qd2 26. h3 g6 27. Qg4 Re1 28. Rxe1 Qxe1+ 29. Kh2 Bxf2 30. Bxf2
Qxf2 31. Qc8+ Kg7 32. Qc3+ Qf6 33. Qc7 a5 34. a4 h5 35. g3 Qb2+ 36. Kh1 b5
37. Qxa5 Qa1+ 38. Kg2 bxa4 39. Qd2 a3 40. Qf2 Qb2 41. g4 Qxf2+ 42. Kxf2
hxg4 43. hxg4 a2 44. g5 a1=Q 45. Kf3 Qc3+ 46. Ke4 Qc5 47. Kf4 Qf5+ 48. Kg3
Qe4 49. Kh3 Qf4 50. Kg2 Qe3 51. Kh2 Qf3 52. Kg1 Qe2 53. Kh1 f5 54. gxf6+
Kxf6 55. Kg1 Kg5 56. Kh1 Kg4 57. Kg1 Kg3 58. Kh1 Qg2# { White checkmated }
0-1

[Event "ICC tourney 2556 (25 5)"]
[Site "Internet Chess Club"]
[Date "2021.05.09"]
[Round "8"]
[White "BOTHE, NYSA:K05-17073423"]
[Black "HU, ANGELA:K05-16747812"]
[Result "0-1"]
[ICCResult "White resigns"]
[WhiteElo "815"]
[BlackElo "1237"]
[Opening "Scotch game"]
[ECO "C45"]
[NIC "SO.04"]
[Time "17:30:51"]
[PlyCount "100"]
[TimeControl "1500+5"]

1. e4 e5 2. Nf3 Nc6 3. d4 exd4 4. Nxd4 d6 5. Nc3 Nf6 6. Bb5 Bd7 7. O-O Be7
8. Be3 O-O 9. f4 Nxd4 10. Bxd7 Nxd7 11. Bxd4 Nb6 12. Qg4 g6 13. f5 c5 14.
Be3 Bf6 15. Rf3 h5 16. Qg3 Be5 17. Bf4 Bxf4 18. Rxf4 g5 19. h4 Kh7 20. hxg5
Rg8 21. g6+ fxg6 22. fxg6+ Rxg6 23. Rf7+ Kh6 24. Qf4+ Qg5 25. Qh2 Rag8 26.
Rf2 Qg3 27. Qxg3 Rxg3 28. Raf1 R8g6 29. Ne2 Re3 30. Nc3 h4 31. Rf3 Rxf3 32.
Rxf3 Nc4 33. b3 Na3 34. Rf2 h3 35. Kh2 hxg2 36. Rxg2 Rxg2+ 37. Kxg2 Kg5 38.
Kf3 Nxc2 39. Nb5 Nd4+ 40. Nxd4 cxd4 41. Ke2 Kf6 42. Kd3 Ke5 43. a3 d5 44.
exd5 Kxd5 45. b4 b5 46. Kd2 Ke4 47. Kc2 d3+ 48. Kd2 Kd4 49. Kc1 Kc3 50. Kd1
d2 { White resigns } 0-1

[Event "ICC tourney 2556 (25 5)"]
[Site "Internet Chess Club"]
[Date "2021.05.09"]
[Round "8"]
[White "YANG, DANIEL:K05-16464806"]
[Black "WONG, WYATT:K05-17016313"]
[Result "0-1"]
[ICCResult "White checkmated"]
[WhiteElo "1597"]
[BlackElo "1439"]
[Opening "King's Indian: orthodox, Aronin-Taimanov, main line"]
[ECO "E99"]
[NIC "KI.02"]
[Time "17:31:05"]
[PlyCount "124"]
[TimeControl "1500+5"]

1. d4 Nf6 2. c4 g6 3. Nc3 Bg7 4. e4 d6 5. Nf3 O-O 6. Be2 e5 7. O-O Nc6 8.
d5 Ne7 9. Ne1 Nd7 10. f3 f5 11. Be3 f4 12. Bf2 g5 13. b4 Ng6 14. c5 Nf6 15.
Rc1 Rf7 16. a4 h5 17. b5 g4 18. fxg4 hxg4 19. b6 axb6 20. cxb6 cxb6 21. Qb3
Nh7 22. Qxb6 Qg5 23. Kh1 f3 24. Be3 Qh4 25. g3 Qh3 26. Bd3 Nf4 27. Rf2 Nh5
28. Qd8+ Rf8 29. Qh4 Qxh4 30. gxh4 Bf6 31. Rfc2 Bxh4 32. Bf2 Bxf2 33. Rxf2
Ng5 34. Nc2 Nh3 35. Rff1 g3 36. hxg3 Nxg3+ 37. Kh2 Nxf1+ 38. Rxf1 Nf4 39.
Rxf3 Nxd3 40. Rxd3 Rf2+ 41. Kg3 Rxc2 42. Nb5 Rxa4 43. Nxd6 Bd7 44. Nxb7
Rxe4 45. Nd6 Rd4 46. Re3 Rxd5 47. Ne4 Kg7 48. Rf3 Rd4 49. Nf6 Bc6 50. Rf5
Kg6 51. Rxe5 Kxf6 52. Re3 Rdc4 53. Rd3 R2c3 54. Rxc3 Rxc3+ 55. Kf2 Kf5 56.
Ke2 Ke4 57. Kd2 Rd3+ 58. Kc2 Ba4+ 59. Kb2 Kd4 60. Kc1 Kc3 61. Kb1 Bb3 62.
Kc1 Rd1# { White checkmated } 0-1